AoeStats
← rosssmith95

Arabia

503917259Analyzed
2v2 RM · 29d ago on Sep 3, 2026· 39m 2s· 4 players
Game mode
Random Map
Map size
Medium (4 player)
Population
200
Speed
Normal
Resources
Standard
Victory
Conquest
Starting age
Dark Age
Ending age
Imperial Age
RankedLock teamsTeams togetherTeam positionsShared explorationLock speedFull tech treeHidden civsTurbo modeCheats
Victory
Defeat
🇦🇷 Tatars · Argentina
1101
+15
🇨🇦 Byzantines · Canada
1083
+16
🇺🇸 Goths · United States
1116
-17
🇺🇸 Magyars · United States
1051
-14
rosssmith95
11:24 Feudal Age
12:09 Double-Bit Axe
12:08 Horse Collar
19:14 Wheelbarrow
22:34 Castle Age
21:31 Loom
24:40 Light Cavalry
25:21 Elite Skirmisher
26:00 Fletching
31:59 Hand Cart
31:35 Loom
31:21 Pikeman
37:45 Imperial Age
35:03 Loom
36:21 Heavy Plow
36:33 Bow Saw
37:28 Ballistics
37:28 Bodkin Arrow
37:35 Scale Mail Armor
37:45 Forging
37:35 Padded Archer Armor
39:52 Chemistry
39:14 Conscription
38:58 Bracer
38:59 Padded Archer Armor
LeChuck
6:54 Loom
9:25 Feudal Age
14:38 Wheelbarrow
15:41 Fletching
21:29 Castle Age
20:31 Double-Bit Axe
20:26 Horse Collar
20:37 Gold Mining
22:11 Bodkin Arrow
21:38 Crossbowman
23:37 Padded Archer Armor
27:33 Hand Cart
27:03 Town Watch
29:00 Bow Saw
28:50 Heavy Plow
35:49 Imperial Age
33:43 Ballistics
35:24 Leather Archer Armor
35:55 Capped Ram
36:39 Bracer
38:00 Chemistry
Yoda
5:26 Loom
9:55 Feudal Age
14:12 Wheelbarrow
20:59 Castle Age
20:37 Double-Bit Axe
22:16 Fletching
25:33 Bloodlines
25:24 Husbandry
25:13 Town Watch
25:23 Light Cavalry
26:48 Bodkin Arrow
29:29 Padded Archer Armor
30:13 Hand Cart
32:18 Bow Saw
34:50 Horse Collar
35:31 Stone Mining
35:52 Gold Mining
37:02 Leather Archer Armor
41:19 Imperial Age
edixozambrano94
2:39 Loom
9:46 Feudal Age
10:26 Horse Collar
10:34 Double-Bit Axe
26:30 Castle Age
25:16 Scale Mail Armor
25:37 Gold Mining
25:39 Stone Mining
27:11 Padded Archer Armor
35:34 Town Watch
Connection lost

Rejoining the realm…

Still unreachable

The connection could not be restored.

Session expired

The server has moved on; the page needs a fresh start.